 Dungeon Crawl Stone Soup version 0.27-a0-1200-g94dc6ad4cf (webtiles) character file.

Game seed: 11986928658768868707

56 ZeeToo the Slasher (level 3, 0/19 HPs)
             Began as a Vine Stalker Monk on May 31, 2021.
             Was a Follower of Ru.
             Slain by a gnoll
             ... wielding a +0 club
              (5 damage)
             ... on level 2 of the Dungeon.
             The game lasted 00:05:17 (1754 turns).

ZeeToo the Slasher (Vine Stalker Monk)              Turns: 1754, Time: 00:05:18

Health: 0/19       AC:  3    Str: 13    XL:     3   Next: 95%
Magic:  0/4        EV: 13    Int: 10    God:    Ru [*.....]
Gold:   49         SH:  0    Dex: 17    Spells: 2/2 levels left

rFire    . . .     SeeInvis .   a - +0 falchion
rCold    . . .     Faith    .   (no shield)
rNeg     . . .     Spirit   +   b - +0 robe
rPois    .         Reflect  .   (no helmet)
rElec    .         Harm     .   (no cloak)
rCorr    .         Rampage  .   e - +0 pair of gloves
Will     .....                  (no boots)
Stlth    ++........             (no amulet)
HPRegen  0.06/turn              (no ring)
MPRegen  0.09/turn              (no ring)

@: unable to read
A: fangs 2, magic shield, antimagic bite, no potion heal 2, inability to read
while threatened
a: Renounce Religion


You were on level 2 of the Dungeon.
You worshipped Ru.
Ru was aware of your devotion.
You visited 1 branch of the dungeon, and saw 2 of its levels.

You collected 49 gold pieces.

Inventory:

Hand Weapons
 a - a +0 falchion (weapon)
Missiles
 f - 4 poisoned darts (quivered)
 h - 60 stones
Armour
 b - a +0 robe (worn)
 e - a +0 pair of gloves (worn)
Jewellery
 c - a ring of see invisible
Scrolls
 d - a scroll of amnesia {unknown}
 i - a scroll of noise {unknown}
 j - a scroll of blinking {unknown}
 k - a scroll of teleportation {unknown}
 n - a scroll of identify {unknown}
Potions
 g - 2 potions of heal wounds {unknown}
 l - a potion of degeneration {unknown}
 m - a potion of mutation {unknown}


   Skills:
 - Level 2.6 Fighting
 + Level 4.3 Long Blades
 - Level 2.4 Dodging
 - Level 2.4 Stealth


You had 2 spell levels left.
You didn't know any spells.
Your spell library was empty.

Dungeon Overview and Level Annotations

Branches:
Dungeon (2/15)

Altars:
Ru

Shops:
D:2 !


Innate Abilities, Weirdness & Mutations

You have extremely sharp teeth.
When hurt, damage is shared between your health and your magic reserves.
Your bite disrupts and absorbs the magic of your enemies.
Potions cannot restore your health.
You sometimes lose the ability to read scrolls when taking damage.


Message History

Aim: a gnoll, wielding a +0 spear (moderately wounded, poisoned, 64% to hit)
You throw a poisoned dart. The poisoned dart hits the gnoll.
The gnoll looks even sicker.
The gnoll is moderately wounded.
Throw: 5 darts (poison)
Press: ? - help, Q - select action, (/) - cycle Shift-Dir - straight line, f/p - gnoll
Aim: a gnoll, wielding a +0 spear (moderately wounded, very poisoned, 64% to hit)
You throw a poisoned dart. The poisoned dart hits the gnoll.
The gnoll is moderately wounded.
The gnoll barely misses you.
You hit the gnoll. Your bite misses the gnoll.
The gnoll is heavily wounded.
The gnoll hits you with a +0 spear.
You hit the gnoll. Your bite misses the gnoll.
The gnoll is almost dead.
You kill the gnoll!
The gnoll shouts!
Things that are here:
a +0 spear; a +0 club You closely miss the gnoll.
Your bite misses the gnoll. The gnoll hits you with a +0 club.
You feel threatened and lose the ability to read scrolls!
You closely miss the gnoll. You bite the gnoll. You drain its power.
You feel invigorated.
The gnoll is lightly wounded.
You can read scrolls again.
The gnoll closely misses you.
You hit the gnoll.
The gnoll is moderately wounded.
The gnoll hits you with a +0 club.
You feel threatened and lose the ability to read scrolls!
You barely miss the gnoll.
The gnoll is moderately wounded.
You can read scrolls again.
The gnoll hits you with a +0 club.
You feel threatened and lose the ability to read scrolls!
You hit the gnoll. Your bite misses the gnoll.
The gnoll is severely wounded.
The gnoll hits you with a +0 club.
You die...

....# #.# ###.# #.######### .##.#
#.#.......# .##.########
#.#<#####.#
..(........#.#######.#######.#
............................>####
.##.#######.....÷###.............
.##.# #..###.# #.............
.##+########.###@# #.............
...........#..##g####........(...
................g...+..........†.
..............(.#####............
.....†.......(..# #............
..............).# ...)........
............(...# ............
...........(.(..# ............
................# ............


You could see 2 gnolls.

Vanquished Creatures
  2 gnolls (D:2)
  An adder (D:2)
  A dart slug (D:1)
  2 endoplasms
  2 goblins (D:1)
  A hobgoblin (D:1)
  6 jackals (D:2)
  2 quokkas
  2 ball pythons (D:2)
  A bat (D:2)
  2 frilled lizards
  A kobold (D:1)
  2 rats
25 creatures vanquished.

Notes
Turn   | Place    | Note
-------+----------+-------------------------------------------
     0 | D:1      | ZeeToo the Vine Stalker Monk began the quest for the Orb.
     0 | D:1      | Reached XP level 1. HP: 11/11 MP: 2/2
   583 | D:1      | Reached skill level 3 in Long Blades
   776 | D:1      | Reached XP level 2. HP: 16/16 MP: 3/3
   807 | D:1      | Found a faded altar of an unknown god.
   818 | D:1      | Became a worshipper of Ru the Awakened
   834 | D:1      | Gained mutation: You sometimes lose the ability to read
                  | scrolls when taking damage. [Ru sacrifice]
   834 | D:1      | Reached * piety under Ru
  1300 | D:2      | Reached XP level 3. HP: 16/19 MP: 4/4
  1349 | D:2      | Found Xiomenef's Distillery.
  1467 | D:2      | Reached skill level 4 in Long Blades
  1754 | D:2      | Slain by a gnoll

Illustrated notes

Levels and vault maps discovered:
D:1:      dpeg_arrival_round_a, layout_basic, ebering_ecumenical_altar_petrified
D:2:      layout_basic, serial_shops, shop, shop

Skill      XL: |  1  2  3 |
---------------+----------+-----
Long Blades    | 3 4 |  4.3
Fighting       | |  2.6
Dodging        | |  2.4
Stealth        | |  2.4

Action                   || total
-------------------------++-------
Melee: Falchion          ||    67
       Bite              ||    18
Throw: Dart              ||     9
Invok: Sacrifice Words   ||     1
 Stab: Sleeping          ||     4
Armor: Robe              ||    18
Dodge: Dodged            ||    39
       Rpst.: Falchion   ||    14

Table legend: (Time is in decaauts)
 A = Elapsed time spent in this place.
 B = Non-inter-level travel time spent in this place.
 C = Inter-level travel time spent in this place.
 D = Time resting spent in this place.
 E = Time spent auto-exploring this place.
 F = Levels seen in this place.
 G = Mean time per level.
                   A        B        C        D        E       F      G
               +--------+--------+--------+--------+--------+-----+--------+
         Total |   1762 |   1702 |     60 |    404 |   1056 |   2 |  881.0 |
       Dungeon |   1762 |   1702 |     60 |    404 |   1056 |   2 |  881.0 |
               +--------+--------+--------+--------+--------+-----+--------+

Top non-repeatable levels by time:
     D:1: 1236 daAuts
     D:2: 525 daAuts
